 Dungeon Crawl Stone Soup version 0.28.0 (webtiles) character file.

Game seed: 4285525645299767535

172 jfcaron the Caller (level 5, -1/35 HPs)
             Began as a Barachi Summoner on Feb 6, 2022.
             Splashed by a jelly's acid (12 damage)
             ... in a sewer.
             The game lasted 00:09:19 (3811 turns).

jfcaron the Caller (Barachi Summoner)               Turns: 3811, Time: 00:09:20

Health: -1/35      AC: -3    Str:  9    XL:     5   Next: 53%
Magic:  9/11       EV: 12    Int: 17    God:
Gold:   110        SH:  0    Dex: 13    Spells: 2/12 levels left

rFire   . . .      SeeInvis .   m - +2 dagger (freeze)
rCold   . . .      Faith    .   (no shield)
rNeg    . . .      Spirit   .   a - +0 robe
rPois   .          Reflect  .   (no helmet)
rElec   .          Harm     .   (no cloak)
rCorr   .          Rampage  .   h - +2 pair of gloves
Will    .....                   (no boots)
Stlth   ++........              (no amulet)
HPRegen 0.11/turn               (no ring)
MPRegen 0.12/turn               (no ring)

@: corroded, slow
A: amphibious, slowness 1, strong legs 1, +LOS
a: Hop


You were in a sewer.
You visited 1 branch of the dungeon, and saw 3 of its levels.
You also visited: Sewer.

You collected 110 gold pieces.

Inventory:

Hand Weapons
 m - a +2 dagger of freezing (weapon)
Missiles
 b - 74 stones
 d - 55 arrows
 e - 4 javelins
 f - 4 poisoned darts
Armour
 a - a +0 robe (worn)
 h - a +2 pair of gloves (worn)
Scrolls
 c - a scroll of silence {unknown}
 g - 3 scrolls of teleportation
Potions
 i - a potion of invisibility {unknown}
 j - a potion of might {unknown}
 k - a potion of mutation {unknown}
 l - 2 potions of resistance {unknown}
 n - 2 potions of haste {unknown}
 o - a potion of cancellation {unknown}


   Skills:
 - Level 2.1 Dodging
 - Level 1.7 Stealth
 + Level 4.1 Spellcasting
 + Level 6.5 Summonings
 + Level 1.0 Air Magic


You had 2 spell levels left.
You knew the following spells:

 Your Spells              Type           Power      Damage    Failure   Level
a - Summon Small Mammal   Summ           100%       N/A       1%          1
b - Call Imp              Summ           25%        N/A       1%          2
c - Call Canine Familiar  Summ           25%        N/A       3%          3
d - Summon Lightning Spi  Summ/Air       16%        N/A       32%         4

Your spell library contained the following spells:

 Spells                   Type           Power      Damage    Failure   Level
 Summon Guardian Golem    Hex/Summ       14%        N/A       12%         3
 Inner Flame              Hex/Fire       3%         N/A       43%         3
 Cause Fear               Hex            1%         N/A       83%         4
 Discord                  Hex            1%         N/A       100%        8


Dungeon Overview and Level Annotations

Branches:
Dungeon (3/15)              Sewer (1/1)

Altars:

Shops:
D:1 =


Innate Abilities, Weirdness & Mutations

You are amphibious.
You cover ground slowly.
You can hop short distances.
You have an extended range of vision and can be seen from far away.


Message History

You hit the ball python. You freeze the ball python.
You kill the ball python!
Your quokka barely misses the endoplasm.
Unknown command.
You barely miss the endoplasm.
The endoplasm is severely wounded.
The endoplasm splashes around in the water.
Your quokka bites the endoplasm.
The endoplasm dies!
j - a bubbling pink potion
n - a dark potion Your quokka disappears in a puff of smoke!
Your white imp disappears in a puff of smoke!
You see here a rat corpse.
o - a viscous grey potion
There is a viscous altar of Jiyva here.
l - 2 fuming white potions (gained 1)
n - 2 dark potions (gained 1)
A jelly comes into view.
Casting: Call Canine Familiar (dangerous; 3% risk of failure)
Confirm with . or Enter, or press ? or * to list all spells.
A beastly little devil appears in a puff of flame.
The jelly quivers.
You hit the jelly. You freeze the jelly. The acid corrodes you!
Your hands burn!
The jelly is moderately wounded.
The jelly hits you.
You are splashed with acid!
Your crimson imp blinks!
You hit the jelly but do no damage.
Your hands burn!
The jelly is moderately wounded.
The jelly closely misses you.
Your hound bites the jelly.
Your hound is burned by acid!
Unknown command.
You are too injured to fight recklessly!
You hit the jelly but do no damage. The acid corrodes you!
Your hands burn!
The jelly is severely wounded.
Your hound bites the jelly.
Your hound is burned by acid!
The jelly hits you. The acid corrodes you!
You are splashed with acid!
You die...

#≈≈≈.≈### ≈.≈.≈..≈##
...#≈.≈≈.##
#######.≈≈# ##### #
######≈≈####≈≈≈##
##≈.≈≈#≈.≈##≈.≈≈≈##
##∩≈≈.≈.≈≈.#≈..#≈..#
#≈..##≈≈≈≈≈.≈.##≈≈≈#
#≈.##.≈≈.≈.≈≈##≈@h##
#.≈#..≈##≈.≈.#..J##
≈.≈##.##≈≈≈..##.5.
≈≈≈.###.≈≈≈≈≈.##≈!#
#...†≈≈..##≈...####
##..†≈≈≈####≈≈≈.≈##
####≈.##..##.≈.≈≈#
#≈.#.≈≈####†≈≈#
#.....## ##≈≈##


You could see a jelly (ally target), a friendly hound (summoned) and a friendly
crimson imp (summoned).

Vanquished Creatures
  A jelly (Sewer)
  5 adders
  2 worms
  A dart slug (D:1)
  3 orcs (D:3)
  13 endoplasms
  7 giant cockroaches
  6 goblins
  7 hobgoblins
  4 jackals (D:3)
  6 kobolds
  6 ball pythons
  7 bats
  4 frilled lizards
  7 rats
79 creatures vanquished.

Notes
Turn   | Place    | Note
-------+----------+-------------------------------------------
     0 | D:1      | jfcaron the Barachi Summoner began the quest for the Orb.
     0 | D:1      | Reached XP level 1. HP: 13/13 MP: 3/3
    13 | D:1      | HP: 1/13 [frozen (4)]
   433 | D:1      | Reached skill level 5 in Summonings
   663 | D:1      | Reached XP level 2. HP: 13/19 MP: 1/5
   676 | D:1      | Learned a level 2 spell: Call Imp
  1633 | D:1      | Found Deschiuxu's Jewellery Emporium.
  1640 | D:1      | Reached XP level 3. HP: 19/24 MP: 1/7
  1885 | D:1      | Learned a level 3 spell: Call Canine Familiar
  2655 | D:2      | HP: 4/24 [frozen (5)]
  2661 | D:2      | HP: 1/24 [frozen (4)]
  2978 | D:2      | Reached XP level 4. HP: 25/30 MP: 3/9
  3417 | D:3      | HP: 5/30 [orc (6)]
  3427 | D:3      | Reached skill level 6 in Summonings
  3517 | D:3      | Found a glowing drain.
  3570 | D:3      | Reached XP level 5. HP: 32/35 MP: 4/10
  3584 | Sewer    | Entered a sewer
  3594 | Sewer    | Learned a level 4 spell: Summon Lightning Spire
  3710 | Sewer    | Reached skill level 1 in Air Magic
  3712 | Sewer    | Found a viscous altar of Jiyva.
  3811 | Sewer    | Splashed by a jelly's acid

Illustrated notes

Levels and vault maps discovered:
D:1:      dpeg_arrival_stonehenge_8_columns, layout_loops_ring, serial_shops,
          nicolae_shop_hallway_plus
D:2:      layout_loops_ring
D:3:      layout_basic, lemuel_crystal_altar, gup_sewer_entry_glass,
          uniq_jessica
Sewer:    sewer_hellmonk_slimy_pipes

Skill      XL: |  1  2  3  4  5 |
---------------+----------------+-----
Summonings     | 5 6 |  6.5
Spellcasting   | 3 4 |  4.1
Air Magic      | 1 |  1.0
Dodging        | |  2.1
Stealth        | |  1.7

Action                   |  1- 3 |  4- 6 || total
-------------------------+-------+-------++-------
Melee: Dagger            |   126 |    34 ||   160
       Unarmed           |     2 |       ||     2
       Punch             |       |     2 ||     2
 Cast: Summon Small Mamm |    44 |     9 ||    53
       Call Imp          |     6 |     6 ||    12
       Call Canine Famil |       |     8 ||     8
  Use: Scroll            |     2 |     2 ||     4
       Potion            |       |     2 ||     2
 Stab: Sleeping          |     2 |     1 ||     3
       Distracted        |       |     1 ||     1
Armor: Robe              |    29 |     9 ||    38
       Skin              |       |    19 ||    19
Dodge: Dodged            |   103 |    34 ||   137
